 Dungeon Crawl Stone Soup version 0.17.0-28-g6e173f8 (webtiles) character file.

458 4thArraOfDagon the Chopper (level 6, -11/56 HPs)
             Began as a Minotaur Berserker on Nov 24, 2015.
             Was a Believer of Trog.
             Mangled by an ogre
             ... wielding a +0 giant club
              (24 damage)
             ... on level 5 of the Dungeon.
             The game lasted 00:02:37 (443 turns).

4thArraOfDagon the Chopper (Minotaur Berserker)      Turns: 443, Time: 00:02:37

Health: -11/56     AC:  9    Str: 22    XL:     6   Next: 77%
Magic:  6/6        EV:  2    Int:  6    God:    Trog [**....]
Gold:   27         SH:  0    Dex: -1 (9) Spells: 0 memorised, 5 levels left

rFire  . . .     SeeInvis .     a - +0 hand axe
rCold  . . .     Clarity  .     e - +0 chain mail
rNeg   . . .     SustAt   .     (no shield)
rPois  .         Gourm    .     (helmet restricted)
rElec  .         Spirit   .     (no cloak)
rCorr  .         Warding  .     (no gloves)
rMut   .         Stasis   .     (no boots)
MR     ++...                    (no amulet)
Stlth  ..........               (no ring)
                                (no ring)

@: regenerating, slowed, lost dexterity, very slow, very resistant to hostile
enchantments, extremely unstealthy
A: retaliatory headbutt, horns 2
a: Berserk, Trog's Hand, Burn Spellbooks, Renounce Religion


You were on level 5 of the Dungeon.
You worshipped Trog.
Trog was pleased with you.
You were very hungry.

You visited 1 branch of the dungeon, and saw 5 of its levels.

You collected 27 gold pieces.

Inventory:

Hand Weapons
 a - a +0 hand axe (weapon)
Armour
 e - a +0 chain mail (worn)
Wands
 f - a wand of enslavement (13)
Potions
 b - a potion of invisibility {unknown}
 h - a potion of brilliance {unknown}
Comestibles
 c - 2 bread rations
 g - a meat ration


   Skills:
 + Level 5.3 Fighting
 * Level 6.9 Axes
 + Level 4.6 Armour
 - Level 2.1 Dodging
 + Level 1.5 Evocations


You had 5 spell levels left.
You didn't know any spells.

Dungeon Overview and Level Annotations

Branches:
Dungeon (5/15)
 Temple: D:4-7

Altars:


Innate Abilities, Weirdness & Mutations

You reflexively headbutt those who attack you in melee.
You have a pair of horns on your head.


Message History

You feel resistant to hostile enchantments.
You feel slightly more hungry. The ogre hits you with a giant club.
Unknown command.
You slash the ogre! Your headbutt misses the ogre.
The ogre is moderately wounded.
The ogre hits you but does no damage.
Unknown command.
You hit the ogre but do no damage.
The ogre is moderately wounded.
The ogre hits you with a giant club!!
Unknown command.
You hit the ogre.
The ogre is heavily wounded.
The ogre hits you with a giant club!
* * * LOW HITPOINT WARNING * * *
Unknown command.
You hit the ogre.
The ogre is severely wounded.
The ogre hits you with a giant club!!
You die...

# ###.#.#
###......#
#.@O......
#.#....(..
#.#.......
#.#......#
#######.######.#
#.......# # .# #
#.####### ##+##
#.. #### #.#
##...## #.# ...#
#.#### ##.....##
#.#


You could see an ogre.

Vanquished Creatures
  The ghost of Amon001 the Skirmisher, an amateur DsAK of Lugonu (D:4)
  An ice beast (D:5)
  An ogre (D:4)
  A big kobold (D:5)
  A quasit (D:5)
  2 adders
  3 giant geckos
  4 orcs (D:4)
  2 bats (D:3)
  A giant cockroach (D:2)
  A hobgoblin (D:2)
  7 kobolds (D:5)
  A goblin (D:2)
  A rat (D:2)
27 creatures vanquished.

Notes
Turn   | Place    | Note
--------------------------------------------------------------
     0 | D:1      | 4thArraOfDagon the Minotaur Berserker began the quest for the Orb.
     0 | D:1      | Reached XP level 1. HP: 19/19 MP: 0/0
    10 | D:2      | Reached skill level 4 in Axes
    11 | D:2      | Reached XP level 2. HP: 27/27 MP: 1/1
   137 | D:4      | Noticed an ogre
   140 | D:4      | Killed an ogre
   140 | D:4      | Reached skill level 5 in Axes
   140 | D:4      | Reached XP level 3. HP: 31/34 MP: 2/2
   140 | D:4      | Reached XP level 4. HP: 37/41 MP: 3/3
   158 | D:4      | Reached ** piety under Trog
   202 | D:4      | Noticed Amon001's ghost (amateur DsAK)
   212 | D:4      | Killed Amon001's ghost
   212 | D:4      | Reached skill level 5 in Fighting
   212 | D:4      | Reached skill level 6 in Axes
   212 | D:4      | Reached skill level 1 in Evocations
   212 | D:4      | Reached XP level 5. HP: 48/48 MP: 4/4
   238 | D:5      | Entered Level 5 of the Dungeon
   281 | D:5      | Noticed an ice beast
   288 | D:5      | Killed an ice beast
   288 | D:5      | Reached XP level 6. HP: 56/56 MP: 4/6
   347 | D:5      | Lost dexterity.
   438 | D:5      | Noticed an ogre
   443 | D:5      | Mangled by an ogre

Action                   |  1- 3 |  4- 6 || total
-------------------------+-------+-------++-------
Melee: Hand axe          |    21 |    70 ||    91
Invok: Berserk           |     3 |     2 ||     5
       Trog's Hand       |       |     1 ||     1
  Use: Scroll            |       |     1 ||     1
  Eat: Chunk             |       |     3 ||     3
